 Dungeon Crawl Stone Soup version 0.29.1-1-gd02db6906a (webtiles) character file.

Game seed: 15148477312371558605

108 Icepheonix32 the Caller (level 4, -6/30 HPs)
             Began as a Merfolk Summoner on Oct 9, 2022.
             Mangled by an iguana (10 damage)
             ... on level 3 of the Dungeon.
             The game lasted 00:03:24 (3106 turns).

Icepheonix32 the Caller (Merfolk Summoner)          Turns: 3106, Time: 00:03:25

Health: -6/30      AC:  5    Str:  8    XL:     4   Next: 87%
Magic:  3/7        EV: 12    Int: 16    God:
Gold:   117        SH:  0    Dex: 14    Spells: 1/7 levels left

rFire   . . .      SeeInvis +   h - +0 trident
rCold   . . .      Faith    .   (no shield)
rNeg    . . .      Spirit   .   a - +0 robe
rPois   .          Reflect  .   (no helmet)
rElec   .          Harm     .   o - +0 cloak
rCorr   .          Rampage  .   (no gloves)
Will    .....                   e - +1 pair of boots
Stlth   ++........              f - amulet of the acrobat
HPRegen 0.10/turn               j - ring of see invisible
MPRegen 0.10/turn               (no ring)

@: hasted, very quick
A: (nimble swimmer 2), mertail
a: no special abilities


You were on level 3 of the Dungeon.
You visited 1 branch of the dungeon, and saw 3 of its levels.

You collected 117 gold pieces.

Inventory:

Hand Weapons
 c - a +0 dagger
 d - a +0 short sword
 h - a +0 trident (weapon)
Missiles
 r - 6 poisoned darts
 s - 5 boomerangs
Armour
 a - a +0 robe (worn)
 e - a +1 pair of boots (worn)
 o - a +0 cloak (worn)
Jewellery
 f - an amulet of the acrobat (around neck)
 j - a ring of see invisible (left hand)
Scrolls
 n - a scroll of amnesia {unknown}
 p - a scroll of identify {unknown}
Potions
 b - 2 potions of magic
 g - a potion of invisibility {unknown}
 i - a potion of haste
 k - a potion of flight {unknown}
 l - a potion of berserk rage {unknown}
 m - a potion of curing {unknown}
 q - a potion of might {unknown}


   Skills:
 - Level 2.6 Dodging
 - Level 2.1 Stealth
 - Level 2.0 Spellcasting
 + Level 6.0 Summonings


You had one spell level left.
You knew the following spells:

 Your Spells              Type           Power      Damage    Failure   Level
a - Summon Small Mammal   Summ           84%        N/A       1%          1
b - Call Imp              Summ           21%        N/A       2%          2
c - Call Canine Familiar  Summ           21%        N/A       4%          3

Your spell library contained the following spells:

 Spells                   Type           Power      Damage    Failure   Level
 Summon Guardian Golem    Hex/Summ       11%        N/A       19%         3
 Blink                    Tloc           2%         N/A       30%         2
 Lesser Beckoning         Tloc           1%         N/A       52%         3
 Summon Lightning Spire   Summ/Air       11%        N/A       52%         4
 Manifold Assault         Tloc           1%         N/A       99%         5


Dungeon Overview and Level Annotations

Branches:
Dungeon (3/15)

Altars:
Nemelex Xobeh


Innate Abilities, Weirdness & Mutations

((You are very nimble when in or above water. (Stealth+, EV+, Speed+++)))
Your lower body shifts to a powerful aquatic tail in water.


Message History

An iguana comes into view.
An iguana is nearby!
You reach to attack!
The helpless iguana fails to defend itself.
You hit the iguana.
The iguana is lightly wounded.
You hit the iguana.
The iguana is lightly wounded.
The iguana barely misses you.
You completely miss the iguana.
The iguana is lightly wounded.
The iguana bites you! x2
You are too injured to fight recklessly!
You are too injured to fight recklessly!
You are too injured to fight recklessly!
You are too injured to fight recklessly!
You are too injured to fight recklessly!
You are too injured to fight recklessly!
You are too injured to fight recklessly!
You are too injured to fight recklessly!
You are too injured to fight recklessly!
You are too injured to fight recklessly!
You are too injured to fight recklessly!
You are too injured to fight recklessly!
You are too injured to fight recklessly!
Casting: Call Canine Familiar (dangerous; 4% risk of failure)
Confirm with . or Enter, or press ? or * to list all spells.
The iguana bites you!
* * * LOW HITPOINT WARNING * * *
The iguana attacks as you move away! The iguana bites you.
* * * LOW HITPOINT WARNING * * *
Casting: Summon Small Mammal (safe; 1% risk of failure)
Confirm with . or Enter, or press ? or * to list all spells.
Your quokka bites the iguana but does no damage.
The iguana misses you. The iguana attacks as you move away!
The iguana barely misses you.
Your quokka bites the iguana.
Your hound completely misses the iguana.
It was a potion of haste.
You feel yourself speed up. The iguana bites you!
You die...

#### ...
#.#######
#rhl@...#
#.#####.# ...
#.#
...#######.##
#.####........#
# #.#####..#
###..# #....#
#.##.#


You could see an iguana (ally target), a friendly hound (summoned) and a
friendly quokka (summoned).

Vanquished Creatures
  3 adders (D:2)
  A dart slug (D:3)
  2 endoplasms
  3 giant cockroaches
  2 goblins
  A hobgoblin (D:2)
  2 jackals (D:2)
  3 kobolds (D:1)
  3 quokkas
  A ball python (D:2)
  9 bats
  A frilled lizard (D:1)
  2 rats
33 creatures vanquished.

Vanquished Creatures (collateral kills)
  Natasha (D:3)
  2 endoplasms
  A giant cockroach (D:3)
  A goblin (D:2)
  3 hobgoblins
  4 jackals (D:2)
  2 kobolds (D:3)
  A bat (D:2)
  A frilled lizard (D:2)
  A rat (D:1)
17 creatures vanquished.

Grand Total: 50 creatures vanquished

Notes
Turn   | Place    | Note
-------+----------+-------------------------------------------
     0 | D:1      | Icepheonix32 the Merfolk Summoner began the quest for the
                  | Orb.
     0 | D:1      | Reached XP level 1. HP: 13/13 MP: 3/3
   638 | D:1      | Reached XP level 2. HP: 15/19 MP: 3/5
  1229 | D:1      | Found a faded altar of an unknown god.
  1655 | D:2      | Found a sparkling altar of Nemelex Xobeh.
  1712 | D:2      | Reached XP level 3. HP: 12/24 MP: 3/6
  1903 | D:2      | Reached skill level 5 in Summonings
  2267 | D:2      | Reached XP level 4. HP: 24/30 MP: 7/7
  2724 | D:2      | Learned a level 2 spell: Call Imp
  2728 | D:2      | Learned a level 3 spell: Call Canine Familiar
  3051 | D:3      | Noticed Natasha
  3057 | D:3      | Killed Natasha
  3058 | D:3      | Reached skill level 6 in Summonings
  3106 | D:3      | Mangled by an iguana

Illustrated notes

Levels and vault maps discovered:
D:1:      dpeg_arrival_boxes_within_box, layout_basic,
          dilly_ecumenical_altar_fadedgnrine, serial_corexii_hall,
          corexii_hall_statues_i, corexii_hall_statues_l
D:2:      layout_loops_ring, basic_altar, kennysheep_doodads, minmay_octomino_e4
D:3:      kennysheep_the_goblin_king, layout_loops_corners,
          minmay_misc_feat_plants, uniq_natasha

Skill      XL: |  1  2  3  4 |
---------------+-------------+-----
Summonings     | 5 6 |  6.0
Dodging        | |  2.6
Stealth        | |  2.1
Spellcasting   | |  2.0

Action                   |  1- 3 |  4- 6 || total
-------------------------+-------+-------++-------
Melee: Unarmed           |    32 |       ||    32
       Short sword       |    90 |       ||    90
       Trident           |    12 |    40 ||    52
       Punch             |       |     1 ||     1
 Cast: Summon Small Mamm |    30 |     3 ||    33
       Call Canine Famil |       |     5 ||     5
  Use: Scroll            |     5 |       ||     5
       Potion            |       |     1 ||     1
 Stab: Sleeping          |     6 |     2 ||     8
Armor: Robe              |    60 |    15 ||    75
Dodge: Dodged            |   161 |    24 ||   185
